SNL (28 & UNDER)
WICHITA WRANGLERS @ SANTA FE DIABLOS
09/14/2030
 
TOP OF THE 1ST
Wichita Wranglers batting - Pitching for Santa Fe Diablos : RHP Alejandro Herrera
Pitching: RHP Alejandro Herrera
Batting: LHB Terry Neal 0-0: Swinging Strike
0-1: Ball
1-1: Foul Ball, location: 2F
1-2: Fly out, F8 (Line Drive, 89D)
Batting: RHB Henry Edwards 0-0: Called Strike
0-1: Called Strike
0-2: Ball
1-2: SINGLE (Line Drive, 8RS)
Batting: RHB Stan Taylor 0-0: Fly out, F8 (Line Drive, 8RS)
Batting: LHB Chris Gibson 0-0: Ball
1-0: Ball
2-0: Ball
3-0: Base on Balls
Henry Edwards to second
Batting: LHB José Guerrero 0-0: Foul Ball, location: 2F
0-1: Ball
1-1: Called Strike
1-2: Strikes out swinging
Top of the 1st over - 0 runs, 1 hit, 0 errors, 2 left on base; Wichita 0 - Santa Fe 0
BOTTOM OF THE 1ST
Santa Fe Diablos batting - Pitching for Wichita Wranglers : RHP Tony Cruz
Pitching: RHP Tony Cruz
Batting: LHB David Hernández 0-0: SINGLE (Groundball, 4MD)
Batting: SHB Ed Dundee 0-0: Called Strike
0-1: Ball
1-1: Ball
2-1: Called Strike
2-2: Strikes out swinging
Batting: RHB Ray Ervin 0-0: Called Strike
0-1: Ball
1-1: SINGLE (Groundball, 6MD)
David Hernández to second
Batting: LHB Arturo Rodledo 0-0: Foul Ball, location: 2F
0-1: Ball
1-1: Foul Ball, location: 2F
1-2: Ball
2-2: SINGLE (Line Drive, 9LS)
David Hernández to third
Ray Ervin to second
Runner from 3rd tries for Home, SAFE, no throw
Batting: RHB Frank Martínez 0-0: Foul Ball, location: 2F
0-1: Fielders Choice at 2nd, 6-4 (Groundball, 6)
Ray Ervin to third
Batting: RHB Bruce Foley 0-0: Called Strike
0-1: Fly out, F9 (Flyball, 9LS)
Bottom of the 1st over - 1 run, 3 hits, 0 errors, 2 left on base; Wichita 0 - Santa Fe 1
TOP OF THE 2ND
Wichita Wranglers batting - Pitching for Santa Fe Diablos : RHP Alejandro Herrera
Batting: RHB Hubert MacDonald 0-0: Ball
1-0: Ball
2-0: Foul Ball, location: 2F
2-1: Ball
3-1: Swinging Strike
3-2: Base on Balls
Batting: LHB Travis Jefferson 0-0: Called Strike
0-1: Foul Ball, location: 2F
0-2: SINGLE (Line Drive, 8LM)
Hubert MacDonald to second
Batting: RHB Travis Ezell 0-0: Ball
1-0: Foul Ball, location: 2F
1-1: Swinging Strike
1-2: Ball
2-2: Ball
3-2: Base on Balls
Hubert MacDonald to third
Travis Jefferson to second
Batting: RHB Mauro Paredes 0-0: Foul Ball, location: 2F
0-1: Ball
1-1: Foul Ball, location: 2F
1-2: Hit by Pitch
Hubert MacDonald scores
Travis Jefferson to third
Travis Ezell to second
Batting: LHB Terry Neal 0-0: Foul Ball, location: 2F
0-1: SINGLE (Line Drive, 78M)
Travis Jefferson scores
Travis Ezell to third
Mauro Paredes to second
Batting: RHB Henry Edwards 0-0: SINGLE (Line Drive, 89S)
Travis Ezell scores
Mauro Paredes to third
Terry Neal to second
Batting: RHB Stan Taylor 0-0: Ball
1-0: Foul Ball, location: 2F
1-1: Foul Ball, location: 2F
1-2: Foul Ball, location: 2F
1-2: Ball
2-2: Ball
3-2: Foul Ball, location: 2F
3-2: Foul Ball, location: 2F
3-2: Strikes out swinging
Batting: LHB Chris Gibson 0-0: Ball
1-0: Ball
2-0: Foul Ball, location: 2F
2-1: Swinging Strike
2-2: Strikes out swinging
Batting: LHB José Guerrero 0-0: SINGLE (Groundball, 34S) (infield hit)
Mauro Paredes scores
Terry Neal to third
Henry Edwards to second
Batting: RHB Hubert MacDonald 0-0: Ball
1-0: Fly out, F7 (Line Drive, 7)
Top of the 2nd over - 4 runs, 4 hits, 0 errors, 3 left on base; Wichita 4 - Santa Fe 1
BOTTOM OF THE 2ND
Santa Fe Diablos batting - Pitching for Wichita Wranglers : RHP Tony Cruz
Batting: RHB Chris Rice 0-0: Ground out 5-3 (Groundball, 56)
Batting: SHB Ángel Díaz 0-0: Called Strike
0-1: SINGLE (Line Drive, 8LS)
Batting: RHB Nick Vogel 0-0: Foul Ball, location: 2F
0-1: Swinging Strike
0-2: Ball
1-2: Ground out U3 (Groundball, 34S)
Ángel Díaz to second
Batting: LHB David Hernández 0-0: Fly out, F8 (Flyball, 8RS)
Bottom of the 2nd over - 0 runs, 1 hit, 0 errors, 1 left on base; Wichita 4 - Santa Fe 1
TOP OF THE 3RD
Wichita Wranglers batting - Pitching for Santa Fe Diablos : RHP Alejandro Herrera
Batting: LHB Travis Jefferson 0-0: Ball
1-0: Ball
2-0: Foul Ball, location: 2F
2-1: Ball
3-1: Base on Balls
Batting: RHB Travis Ezell 0-0: Called Strike
0-1: Ball
Wild Pitch!
Travis Jefferson to second
1-1: Swinging Strike
1-2: Ground out 6-3 (Groundball, 6)
Batting: RHB Mauro Paredes 0-0: Called Strike
0-1: Foul Ball, location: 2F
0-2: Ball
1-2: SINGLE (Flyball, 7LM)
Travis Jefferson to third
Batting: LHB Terry Neal 0-0: Ball
1-0: SINGLE (Flyball, 8LS)
Travis Jefferson scores
Mauro Paredes to second
Batting: RHB Henry Edwards 0-0: Swinging Strike
Error on foul ball, E9
0-2: Ball
1-2: Foul Ball, location: 2F
1-2: Fielders Choice at 2nd, 5-4 (Groundball, 5)
Mauro Paredes to third
Batting: RHB Stan Taylor 0-0: Ball
1-0: Called Strike
1-1: SINGLE (Groundball, 56D)
Mauro Paredes scores
Henry Edwards to second
Runner from 2nd tries for 3rd, SAFE, no throw
Batting: LHB Chris Gibson 0-0: Ball
1-0: Ball
2-0: Ball
3-0: Base on Balls
Stan Taylor to second
Batting: LHB José Guerrero 0-0: Called Strike
0-1: Ball
1-1: Foul Ball, location: 2F
1-2: Foul Ball, location: 2F
1-2: Ball
2-2: Strikes out looking
Top of the 3rd over - 2 runs, 3 hits, 1 error, 3 left on base; Wichita 6 - Santa Fe 1
BOTTOM OF THE 3RD
Santa Fe Diablos batting - Pitching for Wichita Wranglers : RHP Tony Cruz
Batting: SHB Ed Dundee 0-0: Ball
1-0: Ball
2-0: Ball
3-0: Base on Balls
Batting: RHB Ray Ervin 0-0: Called Strike
0-1: Ball
1-1: Ball
2-1: Fly out, F4 (Line Drive, 4)
Batting: LHB Arturo Rodledo 0-0: Ball
1-0: Ball
2-0: Foul Ball, location: 2F
2-1: Foul Ball, location: 2F
2-2: Foul Ball, location: 2F
2-2: Foul Ball, location: 2F
2-2: Foul Ball, location: 2F
2-2: Ball
3-2: Base on Balls
Ed Dundee to second
Batting: RHB Frank Martínez 0-0: 3-RUN HOME RUN (Flyball, 78XD), Distance : 394 ft
Batting: RHB Bruce Foley 0-0: Ball
1-0: Swinging Strike
1-1: Ball
2-1: Swinging Strike
2-2: Ball
3-2: Foul Ball, location: 2F
3-2: Fly out, F9 (Flyball, 89S)
Batting: RHB Chris Rice 0-0: Ball
1-0: Foul Ball, location: 2F
1-1: Ball
2-1: Ground out 6-3 (Groundball, 6)
Bottom of the 3rd over - 3 runs, 1 hit, 0 errors, 0 left on base; Wichita 6 - Santa Fe 4
TOP OF THE 4TH
Wichita Wranglers batting - Pitching for Santa Fe Diablos : RHP Alejandro Herrera
Batting: RHB Hubert MacDonald 0-0: Ball
1-0: Foul Ball, location: 2F
1-1: Swinging Strike
1-2: Strikes out swinging
Batting: LHB Travis Jefferson 0-0: Called Strike
0-1: Swinging Strike
0-2: Ball
1-2: Foul Ball, location: 2F
1-2: Strikes out looking
Batting: RHB Travis Ezell 0-0: Ball
1-0: Foul Ball, location: 2F
1-1: Ground out 4-3 (Groundball, 4)
Top of the 4th over - 0 runs, 0 hits, 0 errors, 0 left on base; Wichita 6 - Santa Fe 4
BOTTOM OF THE 4TH
Santa Fe Diablos batting - Pitching for Wichita Wranglers : RHP Tony Cruz
Batting: SHB Ángel Díaz 0-0: Called Strike
0-1: Ball
1-1: Ball
2-1: Ball
3-1: Called Strike
3-2: Fly out, F7 (Flyball, 7LDF)
Batting: RHB Nick Vogel 0-0: Swinging Strike
0-1: Ball
1-1: Foul Ball, location: 2F
1-2: Ball
2-2: Foul Ball, location: 2F
2-2: Strikes out swinging
Batting: LHB David Hernández 0-0: Ball
1-0: Ball
2-0: SINGLE (Line Drive, 7S)
Batting: SHB Ed Dundee 0-0: Ball
1-0: Ball
2-0: Ball
Throwing error on steal attempt, E2
David Hernández to third
3-0: Base on Balls
Batting: RHB Ray Ervin 0-0: Ball
1-0: Called Strike
1-1: Ball
2-1: Fielders Choice at 2nd, 5-4 (Groundball, 5L)
Bottom of the 4th over - 0 runs, 1 hit, 1 error, 2 left on base; Wichita 6 - Santa Fe 4
TOP OF THE 5TH
Wichita Wranglers batting - Pitching for Santa Fe Diablos : RHP Alejandro Herrera
Pitching: RHP Ron Hannah
Batting: RHB Mauro Paredes 0-0: Ball
1-0: Foul Ball, location: 2F
1-1: Ball
2-1: SINGLE (Groundball, 34D)
Batting: LHB Terry Neal 0-0: Ball
1-0: Ball
2-0: Foul Ball, location: 2F
2-1: Ball
3-1: Foul Ball, location: 2F
3-2: Base on Balls
Mauro Paredes to second
Batting: RHB Henry Edwards 0-0: Swinging Strike
0-1: Called Strike
0-2: Foul Ball, location: 2F
0-2: Foul Ball, location: 2F
0-2: Strikes out swinging
Batting: RHB Stan Taylor 0-0: Fielders Choice at 2nd, 4-6 (Groundball, 4)
Mauro Paredes to third
Batting: LHB Chris Gibson 0-0: Ball
1-0: Ball
2-0: Called Strike
2-1: Ball
3-1: Foul Ball, location: 2F
3-2: Base on Balls
Stan Taylor to second
Batting: LHB José Guerrero 0-0: SINGLE (Groundball, 6MD)
Mauro Paredes scores
Stan Taylor to third
Chris Gibson to second
Runner from 3rd tries for Home, SAFE, no throw
Batting: RHB Hubert MacDonald 0-0: Ball
1-0: Called Strike
1-1: Called Strike
1-2: Strikes out swinging
Top of the 5th over - 2 runs, 2 hits, 0 errors, 2 left on base; Wichita 8 - Santa Fe 4
BOTTOM OF THE 5TH
Santa Fe Diablos batting - Pitching for Wichita Wranglers : RHP Tony Cruz
Batting: LHB Arturo Rodledo 0-0: Called Strike
0-1: Ball
1-1: Ball
2-1: Foul Ball, location: 2F
2-2: Ball
3-2: Foul Ball, location: 2F
3-2: Base on Balls
Batting: RHB Frank Martínez 0-0: Ball
1-0: Foul Ball, location: 2F
1-1: SINGLE (Groundball, 56D)
Arturo Rodledo to second
Batting: RHB Bruce Foley 0-0: Fly out, F6 (Popup, 6)
Batting: RHB Chris Rice 0-0: Ball
1-0: Foul Ball, location: 2F
1-1: Ball
2-1: Ball
3-1: Foul Ball, location: 2F
3-2: Strikes out swinging
Pitching: RHP Pedro Rivera
Batting: SHB Ángel Díaz 0-0: Swinging Strike
0-1: Swinging Strike
0-2: Strikes out swinging
Bottom of the 5th over - 0 runs, 1 hit, 0 errors, 2 left on base; Wichita 8 - Santa Fe 4
TOP OF THE 6TH
Wichita Wranglers batting - Pitching for Santa Fe Diablos : RHP Ron Hannah
Pitching: RHP Pablo Ortíz
Batting: LHB Travis Jefferson 0-0: Foul Ball, location: 2F
0-1: Swinging Strike
0-2: Ball
1-2: Ball
2-2: Strikes out looking
Batting: RHB Travis Ezell 0-0: Ground out U3 (Groundball, 3S)
Batting: RHB Mauro Paredes 0-0: Ball
1-0: Ball
2-0: Called Strike
2-1: Foul Ball, location: 2F
2-2: Ball
3-2: Ground out 3-1 (Groundball, 34S)
Top of the 6th over - 0 runs, 0 hits, 0 errors, 0 left on base; Wichita 8 - Santa Fe 4
BOTTOM OF THE 6TH
Santa Fe Diablos batting - Pitching for Wichita Wranglers : RHP Pedro Rivera
Batting: RHB Nick Vogel 0-0: Ball
1-0: Ball
2-0: Ball
3-0: Base on Balls
Batting: LHB David Hernández 0-0: Foul Ball, location: 2F
0-1: Ball
1-1: Ball
2-1: Ball
3-1: Base on Balls
Nick Vogel to second
Batting: SHB Ed Dundee 0-0: Foul Ball, location: 2F
0-1: Grounds into double play, 4-6-3 (Groundball, 34)
Nick Vogel to third
Batting: RHB Ray Ervin 0-0: Called Strike
0-1: Ground out 6-3 (Groundball, 6)
Bottom of the 6th over - 0 runs, 0 hits, 0 errors, 1 left on base; Wichita 8 - Santa Fe 4
TOP OF THE 7TH
Wichita Wranglers batting - Pitching for Santa Fe Diablos : RHP Pablo Ortíz
Batting: LHB Terry Neal 0-0: Ball
1-0: Ground out 1-3 (Groundball, 15S)
Batting: RHB Henry Edwards 0-0: Fly out, F6 (Line Drive, 6)
Batting: RHB Stan Taylor 0-0: Foul Ball, location: 2F
0-1: Ball
1-1: Ground out U3 (Groundball, 3S)
Top of the 7th over - 0 runs, 0 hits, 0 errors, 0 left on base; Wichita 8 - Santa Fe 4
BOTTOM OF THE 7TH
Santa Fe Diablos batting - Pitching for Wichita Wranglers : RHP Pedro Rivera
Batting: LHB Arturo Rodledo 0-0: Swinging Strike
0-1: Ball
1-1: Foul Ball, location: 2F
1-2: Ball
2-2: Ball
3-2: Strikes out swinging
Batting: RHB Frank Martínez 0-0: SINGLE (Groundball, 4D)
Batting: RHB Bruce Foley 0-0: Called Strike
0-1: Foul Ball, location: 2F
0-2: Ball
1-2: Foul Ball, location: 2F
1-2: Grounds into double play, 5-4-3 (Groundball, 56)
Bottom of the 7th over - 0 runs, 1 hit, 0 errors, 0 left on base; Wichita 8 - Santa Fe 4
TOP OF THE 8TH
Wichita Wranglers batting - Pitching for Santa Fe Diablos : RHP Pablo Ortíz
Batting: LHB Chris Gibson 0-0: DOUBLE (Line Drive, 8RXD)
Batting: LHB José Guerrero 0-0: Ball
1-0: Ball
2-0: DOUBLE (Line Drive, 9LD)
Chris Gibson scores
Batting: RHB Hubert MacDonald 0-0: Swinging Strike
0-1: Foul Ball, location: 2F
0-2: Strikes out swinging
Batting: LHB Travis Jefferson 0-0: Called Strike
0-1: Ball
1-1: Ball
Balk!
José Guerrero to third
2-1: Foul Ball, location: 2F
2-2: Strikes out swinging
Batting: RHB Travis Ezell 0-0: Called Strike
0-1: Ball
1-1: Fly out, F8 (Flyball, 8LS)
Top of the 8th over - 1 run, 2 hits, 0 errors, 1 left on base; Wichita 9 - Santa Fe 4
BOTTOM OF THE 8TH
Santa Fe Diablos batting - Pitching for Wichita Wranglers : RHP Pedro Rivera
Batting: RHB Chris Rice 0-0: Foul Ball, location: 2F
0-1: Fly out, F3 (Popup, 23F)
Batting: SHB Ángel Díaz 0-0: Swinging Strike
0-1: Swinging Strike
0-2: Strikes out looking
Batting: RHB Nick Vogel 0-0: Ball
1-0: Ball
2-0: Ball
3-0: Base on Balls
Batting: LHB David Hernández 0-0: Ground out 4-3 (Groundball, 4)
Bottom of the 8th over - 0 runs, 0 hits, 0 errors, 1 left on base; Wichita 9 - Santa Fe 4
TOP OF THE 9TH
Wichita Wranglers batting - Pitching for Santa Fe Diablos : RHP Pablo Ortíz
Batting: RHB Mauro Paredes 0-0: Ground out 5-3 (Groundball, 56)
Batting: LHB Terry Neal 0-0: Called Strike
0-1: Foul Ball, location: 2F
0-2: SINGLE (Groundball, 6D)
Batting: RHB Henry Edwards 0-0: Called Strike
Terry Neal is caught stealing 2nd base
0-1: Called Strike
0-2: Foul Ball, location: 2F
0-2: Ball
1-2: Fly out, F8 (Line Drive, 8LD)
Top of the 9th over - 0 runs, 1 hit, 0 errors, 0 left on base; Wichita 9 - Santa Fe 4
BOTTOM OF THE 9TH
Santa Fe Diablos batting - Pitching for Wichita Wranglers : RHP Pedro Rivera
Now in RF: Dan Dunn
Batting: SHB Ed Dundee 0-0: Swinging Strike
0-1: Ball
1-1: Ball
2-1: Ball
3-1: Ground out 4-3 (Groundball, 34D)
Batting: RHB Ray Ervin 0-0: Ball
1-0: Ground out 4-3 (Groundball, 4)
Batting: LHB Arturo Rodledo 0-0: Ball
1-0: Called Strike
1-1: SOLO HOME RUN (Flyball, 9D), Distance : 342 ft
Batting: RHB Frank Martínez 0-0: Ground out 5-3 (Groundball, 5)
Bottom of the 9th over - 1 run, 1 hit, 0 errors, 0 left on base; Wichita 9 - Santa Fe 5
Saturday, April 7th, 2018 - OOTP Baseball 18.8 Build 76